cohdb
Replays
Latest Replays
All Replays
Popular Replays
Top Player Replays
Match Explorer
How It Works
Community
CoH3 Stats
Reddit
Sign in to upload your games and track your stats! →
Sign in with Steam
Match 41455276
Unlisted
Match 41455276
Overview
Messages
Build Orders
End
Kettenkrad Recon Vehicle
Construct Infanterie Kompanie
MG 42 Machine Gun Team
Selects Mechanized Battlegroup
MG 42 Machine Gun Team
Grenadier Squad
Grenadier Squad
Infanterie Officer Quarters
Construct Luftwaffe Kompanie
221 Scout Car
Jäger Squad
Luftwaffe Officer Quarters
Selects Mobile Repair Stations
Selects Raid Package
Support Elements
Jäger Squad
Jäger Squad
Selects StuG Assault Group
Wirbelwind Flakpanzer
Wirbelwind Flakpanzer
Medical Station
Selects Wespe Self-propelled Artillery
Wespe Self-propelled Artillery
MG 42 Bunker
Wespe Self-propelled Artillery
Selects Panther Heavy Tank
Panther Heavy Tank
Рубль
Dave
Thermidor
hitkidsnotjuuls
0
0
Comments
sign in to comment!
No comments posted yet!